2636 views
Uploaded 2021-01-03 06:35:21
Game version 1.32.9
49:40 long 1on1 ladder game on (4)TwistedMeadows
Saved by xzz
2636 views
Uploaded 2021-01-03 06:35:21
Game version 1.32.9
49:40 long 1on1 ladder game on (4)TwistedMeadows

36 units @ 6.4k
/ 1.2k
23 buildings @ 3.8k
/ 1.5k


| Rod of Necromancy | 3 | 450 |
| Ritual Dagger | 2 | 250 |
| Scroll of Town Portal | 1 | 350 |
| total: | 6 | 1050g |
| Acolyte | 7 | 525 | / | 0 |
| Ghoul | 4 | 480 | / | 0 |
| Crypt Fiend | 6 | 1290 | / | 240 |
| Obsidian Statue | 2 | 400 | / | 70 |
| Necromancer | 2 | 290 | / | 40 |
| Banshee | 3 | 465 | / | 90 |
| Gargoyle | 3 | 525 | / | 90 |
| Abomination | 3 | 720 | / | 210 |
| Frost Wyrm | 1 | 385 | / | 120 |
| Goblin Shredder | 1 | 375 | / | 100 |
| Goblin Zeppelin | 4 | 960 | / | 240 |
| total: | 36 | 6415g | / | 1200w |
| Nerubian Tower | 1 | 100 | / | 20 |
| Spirit Tower | 1 | 145 | / | 40 |
| Graveyard | 2 | 430 | / | 0 |
| Altar of Darkness | 1 | 180 | / | 50 |
| Ziggurat | 8 | 1200 | / | 400 |
| Crypt | 2 | 400 | / | 100 |
| Tomb of Relics | 2 | 260 | / | 60 |
| Necropolis | 2 | 450 | / | 0 |
| Slaughterhouse | 2 | 280 | / | 270 |
| Temple of the Damned | 2 | 310 | / | 280 |
| Sacrificial Pit | 1 | 75 | / | 150 |
| Boneyard | 1 | 175 | / | 200 |
| Halls of the Dead | 1 | 320 | / | 210 |
| Black Citadel | 1 | 325 | / | 230 |
| total: | 23 | 3760g | / | 1510w |
| 0:04 | Acolyte |
| 0:17 | Graveyard |
| 0:31 | Altar of Darkness |
| 0:36 | Ziggurat |
| 0:52 | Acolyte |
| 1:21 | Crypt |
| 1:33 | Ziggurat |
| 1:53 | Tomb of Relics |
| 1:59 | Tomb of Relics |
| 2:24 | Ghoul |
| 2:33 | Carrion Beetles |
| 2:54 | Ghoul |
| 3:03 | Rod of Necromancy |
| 3:16 | Ghoul |
| 3:31 | Acolyte |
| 3:55 | Ghoul |
| 4:02 | Crypt |
| 4:08 | Creature Carapace |
| 4:16 | Crypt Fiend |
| 4:44 | Crypt Fiend |
| 4:52 | Ziggurat |
| 5:11 | Creature Attack |
| 5:16 | Spiked Carapace |
| 5:23 | Backpack |
| 5:41 | Crypt Fiend |
| 5:46 | Rod of Necromancy |
| 5:47 | Ritual Dagger |
| 6:17 | Crypt Fiend |
| 6:27 | Halls of the Dead |
| 6:31 | Carrion Beetles |
| 6:58 | Crypt Fiend |
| 7:01 | Crypt Fiend |
| 7:21 | Ziggurat |
| 8:12 | Rod of Necromancy |
| 8:13 | Ritual Dagger |
| 8:34 | Goblin Shredder |
| 8:57 | Spiked Carapace |
| 9:18 | Slaughterhouse |
| 10:25 | Obsidian Statue |
| 10:33 | Ziggurat |
| 10:40 | Temple of the Damned |
| 11:27 | Ziggurat |
| 11:29 | Nerubian Tower |
| 11:30 | Spirit Tower |
| 11:43 | Silence |
| 11:59 | Necromancer |
| 12:00 | Necromancer Adept Training |
| 12:06 | Temple of the Damned |
| 12:07 | Obsidian Statue |
| 12:09 | Black Citadel |
| 12:21 | Carrion Beetles |
| 12:46 | Black Arrow |
| 13:02 | Banshee |
| 13:58 | Necromancer |
| 14:00 | Banshee |
| 14:01 | Gargoyle |
| 14:44 | Necropolis |
| 14:55 | Banshee Adept Training |
| 15:23 | Necromancer Master Training |
| 15:28 | Improved Creature Attack |
| 15:30 | Black Arrow |
| 16:15 | Graveyard |
| 16:31 | Abomination |
| 17:05 | Banshee Master Training |
| 17:11 | Acolyte |
| 17:11 | Acolyte |
| 17:28 | Banshee |
| 17:33 | Abomination |
| 18:31 | Unholy Strength |
| 18:35 | Unholy Armor |
| 18:39 | Acolyte |
| 18:39 | Acolyte |
| 18:53 | Abomination |
| 18:58 | Sacrificial Pit |
| 19:02 | Slaughterhouse |
| 19:27 | Ziggurat |
| 19:30 | Ziggurat |
| 20:13 | Improved Unholy Strength |
| 20:15 | Improved Unholy Armor |
| 20:28 | Burrow |
| 21:13 | Goblin Zeppelin |
| 21:23 | Advanced Creature Attack |
| 21:24 | Improved Creature Carapace |
| 21:35 | Boneyard |
| 21:43 | Necropolis |
| 21:59 | Goblin Zeppelin |
| 22:43 | Goblin Zeppelin |
| 22:55 | Web |
| 23:29 | Advanced Creature Carapace |
| 24:58 | Silence |
| 25:49 | Advanced Unholy Strength |
| 25:53 | Freezing Breath |
| 26:45 | Gargoyle |
| 26:46 | Gargoyle |
| 26:55 | Scroll of Town Portal |
| 27:25 | Goblin Zeppelin |
| 27:38 | Frost Wyrm |
| 27:40 | Advanced Unholy Armor |
| Right click | 522 |
| Select | 505 |
| Select group | 417 |
| Build/train/purchase | 103 |
| Misc. action | 99 |
| Chat | 80 |
| Use ability | 54 |
| Assign group | 43 |
| Item give/drop | 12 |
| Esc | 5 |
37 units @ 5.3k
/ 1k
172 buildings @ 8.7k
/ 5.2k

| Scroll of Regeneration | 7 | 700 |
| Lesser Clarity Potion | 2 | 140 |
| Potion of Healing | 1 | 150 |
| Orb of Fire | 3 | 975 |
| Scroll of Healing | 1 | 250 |
| Scroll of Town Portal | 1 | 350 |
| Staff of Teleportation | 1 | 150 |
| total: | 16 | 2715g |
| Peasant | 13 | 975 | / | 0 |
| Footman | 5 | 675 | / | 0 |
| Mortar Team | 5 | 900 | / | 350 |
| Flying Machine | 4 | 400 | / | 120 |
| Sorceress | 2 | 310 | / | 40 |
| Goblin Shredder | 2 | 750 | / | 200 |
| Goblin Zeppelin | 4 | 960 | / | 240 |
| Forest Troll Shadow Priest | 1 | 195 | / | 10 |
| Mud Golem | 1 | 145 | / | 10 |
| total: | 37 | 5310g | / | 970w |
| Scout Tower | 148 | 4440 | / | 2960 |
| Arcane Tower | 9 | 630 | / | 450 |
| Guard Tower | 24 | 1680 | / | 1200 |
| Altar of Kings | 1 | 180 | / | 50 |
| Farm | 5 | 400 | / | 100 |
| Barracks | 1 | 160 | / | 60 |
| Lumber Mill | 1 | 120 | / | 0 |
| Arcane Vault | 4 | 520 | / | 120 |
| Blacksmith | 1 | 140 | / | 60 |
| Town Hall | 5 | 1925 | / | 1025 |
| Cannon Tower | 5 | 600 | / | 500 |
| Workshop | 5 | 700 | / | 700 |
| Arcane Sanctum | 1 | 150 | / | 140 |
| Keep | 1 | 320 | / | 210 |
| Castle | 1 | 360 | / | 210 |
| total: | 172 | 8735g | / | 5215w |
| 0:07 | Altar of Kings |
| 0:09 | Farm |
| 0:10 | Peasant |
| 0:11 | Peasant |
| 0:46 | Barracks |
| 0:55 | Peasant |
| 1:07 | Farm |
| 1:11 | Scout Tower |
| 1:16 | Peasant |
| 1:39 | Peasant |
| 1:39 | Peasant |
| 1:45 | Lumber Mill |
| 1:50 | Footman |
| 2:00 | Farm |
| 2:07 | Footman |
| 2:11 | Scout Tower |
| 2:17 | Holy Light |
| 2:25 | Peasant |
| 2:35 | Arcane Tower |
| 2:38 | Footman |
| 2:52 | Arcane Vault |
| 2:59 | Scout Tower |
| 3:09 | Footman |
| 3:25 | Arcane Tower |
| 4:14 | Peasant |
| 4:14 | Peasant |
| 4:16 | Footman |
| 4:23 | Blacksmith |
| 4:26 | Peasant |
| 4:44 | Divine Shield |
| 4:48 | Guard Tower |
| 4:51 | Peasant |
| 4:57 | Farm |
| 5:00 | Scroll of Regeneration |
| 5:00 | Lesser Clarity Potion |
| 5:30 | Farm |
| 5:34 | Goblin Shredder |
| 5:40 | Defend |
| 5:52 | Scroll of Regeneration |
| 6:49 | Scout Tower |
| 6:51 | Scout Tower |
| 6:52 | Scout Tower |
| 6:52 | Scout Tower |
| 6:53 | Scout Tower |
| 6:57 | Town Hall |
| 7:05 | Holy Light |
| 7:14 | Scout Tower |
| 7:17 | Keep |
| 7:22 | Arcane Tower |
| 7:23 | Arcane Tower |
| 7:29 | Guard Tower |
| 7:41 | Guard Tower |
| 7:47 | Guard Tower |
| 7:58 | Guard Tower |
| 8:06 | Scout Tower |
| 8:09 | Scout Tower |
| 8:10 | Scout Tower |
| 8:38 | Arcane Tower |
| 8:41 | Guard Tower |
| 8:47 | Scout Tower |
| 8:52 | Scout Tower |
| 8:55 | Scout Tower |
| 9:01 | Scout Tower |
| 9:08 | Arcane Tower |
| 9:10 | Guard Tower |
| 9:21 | Guard Tower |
| 10:09 | Workshop |
| 10:14 | Workshop |
| 10:25 | Workshop |
| 10:28 | Improved Masonry |
| 10:30 | Guard Tower |
| 10:36 | Divine Shield |
| 10:38 | Forest Troll Shadow Priest |
| 10:45 | Guard Tower |
| 10:49 | Scout Tower |
| 10:51 | Scout Tower |
| 10:53 | Scout Tower |
| 10:54 | Scout Tower |
| 10:54 | Scout Tower |
| 10:54 | Scout Tower |
| 10:55 | Scout Tower |
| 10:56 | Scout Tower |
| 10:59 | Arcane Vault |
| 11:02 | Scroll of Regeneration |
| 11:06 | Castle |
| 11:08 | Mortar Team |
| 11:15 | Iron Plating |
| 11:16 | Black Gunpowder |
| 11:20 | Arcane Sanctum |
| 11:41 | Flak Cannons |
| 11:45 | Mortar Team |
| 11:47 | Mortar Team |
| 11:51 | Mud Golem |
| 12:33 | Advanced Masonry |
| 12:54 | Scroll of Healing |
| 13:04 | Sorceress Adept Training |
| 13:14 | Cannon Tower |
| 13:17 | Guard Tower |
| 13:26 | Flare |
| 13:30 | Fragmentation Shards |
| 13:34 | Flying Machine |
| 13:48 | Scout Tower |
| 13:48 | Scout Tower |
| 13:48 | Scout Tower |
| 13:49 | Scout Tower |
| 13:49 | Scout Tower |
| 13:49 | Scout Tower |
| 13:50 | Scout Tower |
| 13:50 | Scout Tower |
| 13:51 | Scout Tower |
| 13:51 | Scout Tower |
| 13:51 | Scout Tower |
| 14:36 | Guard Tower |
| 15:28 | Arcane Tower |
| 15:30 | Guard Tower |
| 15:36 | Cannon Tower |
| 15:39 | Guard Tower |
| 15:46 | Divine Shield |
| 16:07 | Studded Leather Armor |
| 16:24 | Guard Tower |
| 16:40 | Goblin Zeppelin |
| 17:17 | Refined Gunpowder |
| 17:23 | Town Hall |
| 18:17 | Scout Tower |
| 18:17 | Scout Tower |
| 18:17 | Scout Tower |
| 18:18 | Scout Tower |
| 18:19 | Scout Tower |
| 18:20 | Scout Tower |
| 18:20 | Scout Tower |
| 18:21 | Scout Tower |
| 18:21 | Scout Tower |
| 18:22 | Scout Tower |
| 18:23 | Scout Tower |
| 18:23 | Scout Tower |
| 18:24 | Scout Tower |
| 18:53 | Workshop |
| 19:21 | Imbued Masonry |
| 19:34 | Scroll of Regeneration |
| 19:37 | Scroll of Regeneration |
| 19:40 | Lesser Clarity Potion |
| 19:47 | Scout Tower |
| 19:47 | Scout Tower |
| 19:50 | Scout Tower |
| 19:54 | Guard Tower |
| 19:57 | Goblin Zeppelin |
| 20:23 | Guard Tower |
| 20:50 | Workshop |
| 21:42 | Sorceress |
| 21:43 | Sorceress |
| 21:43 | Sorceress Master Training |
| 22:03 | Scout Tower |
| 22:03 | Scout Tower |
| 22:04 | Scout Tower |
| 22:04 | Scout Tower |
| 22:05 | Scout Tower |
| 22:06 | Scout Tower |
| 22:07 | Scout Tower |
| 22:08 | Scout Tower |
| 22:09 | Scout Tower |
| 22:10 | Scout Tower |
| 22:10 | Scout Tower |
| 22:11 | Scout Tower |
| 22:12 | Scout Tower |
| 22:12 | Scout Tower |
| 22:52 | Goblin Shredder |
| 23:06 | Mortar Team |
| 23:20 | Mortar Team |
| 23:50 | Flying Machine |
| 23:55 | Guard Tower |
| 24:25 | Flying Machine |
| 24:37 | Flying Machine |
| 24:46 | Guard Tower |
| 25:47 | Flying Machine Bombs |
| 25:52 | Scroll of Regeneration |
| 26:05 | Imbued Gunpowder |
| 26:36 | Peasant |
| 26:37 | Peasant |
| 27:04 | Arcane Vault |
| 27:15 | Cannon Tower |
| 27:22 | Town Hall |
| 27:25 | Guard Tower |
| 28:03 | Scroll of Town Portal |
| 28:09 | Staff of Teleportation |
| 29:43 | Resurrection |
| 30:37 | Holy Light |
| 31:33 | Guard Tower |
| 32:55 | Reinforced Leather Armor |
| 32:56 | Steel Plating |
| 33:04 | Goblin Zeppelin |
| 33:34 | Barrage |
| 33:50 | Scout Tower |
| 33:51 | Scout Tower |
| 33:51 | Scout Tower |
| 33:52 | Scout Tower |
| 33:52 | Scout Tower |
| 33:53 | Scout Tower |
| 33:53 | Scout Tower |
| 33:54 | Scout Tower |
| 33:54 | Scout Tower |
| 33:55 | Scout Tower |
| 33:55 | Scout Tower |
| 33:55 | Scout Tower |
| 33:57 | Scout Tower |
| 33:57 | Scout Tower |
| 33:58 | Scout Tower |
| 33:58 | Scout Tower |
| 33:59 | Scout Tower |
| 34:00 | Scout Tower |
| 34:00 | Scout Tower |
| 34:01 | Scout Tower |
| 34:07 | Scout Tower |
| 34:07 | Scout Tower |
| 34:07 | Scout Tower |
| 34:08 | Scout Tower |
| 34:08 | Scout Tower |
| 34:08 | Scout Tower |
| 34:08 | Scout Tower |
| 34:10 | Scout Tower |
| 34:10 | Scout Tower |
| 34:11 | Scout Tower |
| 34:11 | Scout Tower |
| 34:11 | Scout Tower |
| 34:12 | Scout Tower |
| 34:12 | Scout Tower |
| 34:13 | Scout Tower |
| 34:13 | Scout Tower |
| 34:14 | Scout Tower |
| 34:14 | Scout Tower |
| 34:14 | Scout Tower |
| 34:15 | Scout Tower |
| 34:15 | Scout Tower |
| 34:15 | Scout Tower |
| 34:16 | Scout Tower |
| 34:16 | Scout Tower |
| 34:18 | Scout Tower |
| 34:18 | Scout Tower |
| 34:19 | Scout Tower |
| 34:23 | Town Hall |
| 34:25 | Scout Tower |
| 34:25 | Scout Tower |
| 34:25 | Scout Tower |
| 34:26 | Scout Tower |
| 34:27 | Scout Tower |
| 34:28 | Scout Tower |
| 35:42 | Guard Tower |
| 36:09 | Goblin Zeppelin |
| 36:20 | Town Hall |
| 36:22 | Scout Tower |
| 36:23 | Scout Tower |
| 36:23 | Scout Tower |
| 36:24 | Scout Tower |
| 36:24 | Scout Tower |
| 36:24 | Scout Tower |
| 36:24 | Scout Tower |
| 36:25 | Scout Tower |
| 36:25 | Scout Tower |
| 36:25 | Scout Tower |
| 36:26 | Scout Tower |
| 36:26 | Scout Tower |
| 36:26 | Scout Tower |
| 36:26 | Scout Tower |
| 36:26 | Scout Tower |
| 36:26 | Scout Tower |
| 36:27 | Scout Tower |
| 36:27 | Scout Tower |
| 36:28 | Scout Tower |
| 36:28 | Scout Tower |
| 36:29 | Scout Tower |
| 36:30 | Scout Tower |
| 36:30 | Scout Tower |
| 36:30 | Scout Tower |
| 36:31 | Scout Tower |
| 36:32 | Scout Tower |
| 36:33 | Scout Tower |
| 36:33 | Scout Tower |
| 36:35 | Scout Tower |
| 36:36 | Scout Tower |
| 38:03 | Mithril Plating |
| 38:04 | Dragonhide Armor |
| 38:15 | Cannon Tower |
| 38:18 | Arcane Tower |
| 40:36 | Cannon Tower |
| 40:39 | Arcane Tower |
| 40:42 | Guard Tower |
| 40:51 | Scroll of Regeneration |
| 40:53 | Potion of Healing |
| 41:15 | Guard Tower |
| 42:45 | Iron Forged Swords |
| 42:48 | Magic Sentry |
| 46:08 | Orb of Fire |
| 46:26 | Arcane Vault |
| 46:31 | Orb of Fire |
| 47:18 | Orb of Fire |
| 47:51 | Steel Forged Swords |
| 47:56 | Backpack |
| Right click | 1154 |
| Select | 636 |
| Select group | 232 |
| Build/train/purchase | 171 |
| Chat | 136 |
| Use ability | 70 |
| Misc. action | 30 |
| Assign group | 27 |
| Item give/drop | 8 |
| Esc | 3 |